 Dungeon Crawl Stone Soup version 0.30-a0-793-g160f7cfddd (webtiles) character file.

Game seed: 4801399185861051257

1151 Aneyh the Shooter (level 8, -3/53 HPs)
             Began as a Tengu Monk on Feb 19, 2023.
             Killed from afar by a steam dragon (12 damage)
             ... with a ball of steam
             ... on level 8 of the Dungeon.
             The game lasted 00:09:49 (4643 turns).

Aneyh the Shooter (Tengu Monk)                      Turns: 4643, Time: 00:09:50

Health: -3/53      AC:  2    Str: 14    XL:     8   Next: 38%
Magic:  9/9        EV: 15    Int: 11    God:
Gold:   266        SH:  0    Dex: 16    Spells: 7/7 levels left

rFire   . . .      SeeInvis .    a - +1 whip (venom)
rCold   . . .      Faith    .    (no shield)
rNeg    . . .      Spirit   .    l - +0 robe
rPois   .          Reflect  .    (helmet restricted)
rElec   .          Harm     .    (no cloak)
rCorr   .          Rampage  .    (no gloves)
Will    .....                    (boots unavailable)
Stlth   ++                       (no amulet)
HPRegen 0.28/turn                (no ring)
MPRegen 0.11/turn                (no ring)

@: flying quickly and evasively, quick
A: beak, talons 3, nimble flight
a: no special abilities


You were on level 8 of the Dungeon.
You visited 2 branches of the dungeon, and saw 8 of its levels.

You collected 266 gold pieces.

Inventory:

Hand Weapons
 a - a +1 whip of venom (weapon)
 b - a +0 arbalest
 d - a +0 mace
 m - a +0 trident
 q - a +1 short sword of holy wrath
Missiles
 h - 9 javelins (quivered)
 j - 15 poisoned darts
Armour
 l - a +0 robe (worn)
Scrolls
 e - a scroll of fear {unknown}
 g - 3 scrolls of identify
 i - 2 scrolls of poison
 k - 2 scrolls of immolation
 p - a scroll of teleportation
 s - a scroll of amnesia
 t - 2 scrolls of fog
Potions
 c - a potion of lignification {unknown}
 n - 2 potions of flight


   Skills:
 * Level 7.0 Fighting
 - Level 5.0 Maces & Flails
 - Level 7.0 Ranged Weapons
 - Level 3.2 Dodging
 - Level 2.0 Stealth


You had 7 spell levels left.
You didn't know any spells.
Your spell library contained the following spells:

 Spells                   Type           Power      Damage    Failure   Level
 Blink                    Tloc           0%         N/A       47%         2
 Sublimation of Blood     Necr           0%         N/A       47%         2
 Vhi's Electric Charge    Tloc/Air       0%         N/A       71%         3
 Animate Armour           Summ/Erth      0%         N/A       98%         4
 Manifold Assault         Tloc           0%         N/A       98%         4
 Petrify                  Tmut/Erth      0%         N/A       98%         4
 Arcjolt                  Conj/Air       0%         1d10      100%        5
 Blade Hands              Tmut           0%         N/A       100%        5
 Irradiate                Conj/Tmut      0%         3d11      100%        5
 Iron Shot                Conj/Erth      0%         9d1       100%        6
 Storm Form               Tmut/Air       0%         N/A       100%        7
 Maxwell's Capacitive Co  Air            0%         ∞         100%        8


Dungeon Overview and Level Annotations

Branches:
Dungeon (8/15)             Temple (1/1) D:6
   Lair: D:8-11

Altars:
Ashenzari
Dithmenos
Fedhas
Kikubaaqudgha
Nemelex Xobeh
Okawaru
Qazlal
Ru
Sif Muna
Trog
Uskayaw
Vehumet
Wu Jian
Xom
Zin

Annotations:
D:2 1 runed translucent door, Crazy Yiuf


Innate Abilities, Weirdness & Mutations

You have a beak for a mouth.
You have claws for feet.
Your magical nature lets you fly swiftly and evasively.


Message History

Found a barding.
The steam dragon breathes steam at you. The ball of steam hits you!
You hear an angry hiss.
You are engulfed in a cloud of scalding steam.
A white imp comes into view.
The white imp closely misses you.
You see here a +0 barding.
The white imp gestures at you. The puff of frost hits you!
* * * LOW HITPOINT WARNING * * *
The white imp gestures at you. The puff of frost misses you.
An orc priest comes into view. It is wielding a +0 flail.
You hit the orc priest.
The orc priest is poisoned.
You claw the orc priest. Your peck misses the orc priest.
The orc priest is moderately wounded.
The orc priest misses you. The white imp puffs mist at you.
You closely miss the orc priest. You peck the orc priest.
The orc priest is heavily wounded.
The orc priest completely misses you.
You hit the orc priest.
The orc priest looks as sick as possible!
Your kick misses the orc priest. Your peck misses the orc priest.
The orc priest is severely wounded.
The orc priest hits you with a +0 flail!
* * * LOW HITPOINT WARNING * * *
You feel much better. The orc priest misses you. The white imp hits you.
The white imp freezes you.
You hit the orc priest.
You kill the orc priest!
The white imp gestures at you. The puff of frost hits you!
* * * LOW HITPOINT WARNING * * *
The steam dragon breathes steam at you.
The ball of steam hits the white imp!!
The white imp dies!
The ball of steam hits you!
You die...

##.#.##
##.#[#.## ##
##.#D#§#.# #.#
##.#.##§§#. #.#
##.#.##!.#.##.#
##.#.##.§#§##.#
##.#§##.#§.##.#
#.#§##.#.)##.#.#
#@##.#.D##l#.##
#)#.##.#.#W#.##
## #.##.#.#.##
#.##.#.##
#.##.## #.###
#.# #.


There were no monsters in sight!

Vanquished Creatures
  A steam dragon (D:6)
  A black bear (D:6)
  An ice beast (D:6)
  An ogre (D:6)
  3 phantoms (D:6)
  A scorpion (D:6)
  3 howler monkeys
  4 hounds
  An orc priest (D:8)
  An iguana (D:6)
  3 orc wizards
  3 adders
  2 shadow imps (D:6)
  2 white imps (D:6)
  An ufetubus (D:6)
  2 worms
  A dart slug (D:1)
  9 orcs
  6 bats
  4 endoplasms (D:1)
  A giant cockroach (D:3)
  9 goblins
  4 hobgoblins
  3 jackals (D:2)
  9 kobolds
  A quokka (D:1)
  4 ball pythons
  A frilled lizard (D:1)
  5 rats
87 creatures vanquished.

Vanquished Creatures (others)
  A white imp (D:8)
  3 plants (D:8)
4 creatures vanquished.

Grand Total: 91 creatures vanquished

Notes
Turn   | Place    | Note
-------+----------+-------------------------------------------
     0 | D:1      | Aneyh the Tengu Monk began the quest for the Orb.
     0 | D:1      | Reached XP level 1. HP: 14/14 MP: 2/2
    95 | D:1      | Reached XP level 2. HP: 18/19 MP: 3/3
   546 | D:1      | Reached XP level 3. HP: 23/23 MP: 4/4
   606 | D:1      | Found a faded altar of an unknown god.
  1331 | D:2      | Reached skill level 5 in Maces & Flails
  1389 | D:2      | Found a runed translucent door.
  1390 | D:2      | Noticed Crazy Yiuf
  1496 | D:2      | Reached XP level 4. HP: 23/28 MP: 5/5
  1765 | D:3      | Found a shadowy altar of Dithmenos.
  1771 | D:3      | Reached skill level 1 in Ranged Weapons
  2232 | D:3      | Found an ornate altar of the Wu Jian Council.
  2433 | D:4      | Gained mutation: Your magical nature lets you fly swiftly
                  | and evasively. [Tengu growth]
  2433 | D:4      | Reached XP level 5. HP: 32/32 MP: 6/6
  2434 | D:4      | You are sucked into a shaft and drop 2 floors!
  2482 | D:6      | Found a staircase to the Ecumenical Temple.
  2493 | Temple   | Entered the Ecumenical Temple
  2593 | D:6      | Noticed an ogre
  2647 | D:6      | Noticed a phantom
  2656 | D:6      | Killed an ogre
  2660 | D:6      | Reached XP level 6. HP: 35/38 MP: 7/7
  2661 | D:6      | Found a sacrificial altar of Ru.
  2669 | D:6      | Reached skill level 5 in Ranged Weapons
  3138 | D:6      | Noticed a steam dragon
  3151 | D:6      | Killed a steam dragon
  3152 | D:6      | Reached XP level 7. HP: 18/43 MP: 8/8
  3283 | D:6      | Found a sparkling altar of Nemelex Xobeh.
  3697 | D:6      | Found a shimmering blue altar of Sif Muna.
  3722 | D:7      | Reached skill level 5 in Fighting
  4188 | D:6      | Reached XP level 8. HP: 51/51 MP: 9/9
  4420 | D:7      | Noticed a wyvern
  4614 | D:8      | Noticed a wraith
  4614 | D:8      | Noticed a wyvern
  4641 | D:8      | HP: 2/53 [orc priest/+0 flail (9)]
  4643 | D:8      | Killed from afar by a steam dragon

Illustrated notes

Levels and vault maps discovered:
D:1:      heliophobic_arrival_glass_houses, layout_loops_corners,
          shapermc_ecumenical_altar_totnotflames
D:2:      layout_rooms, uniq_crazy_yiuf_cottage
D:3:      layout_loops_ring, lemuel_round_altar, marbit_many_paths
D:4:      layout_basic, kennysheep_little_box
D:6:      layout_loops_ring, lemuel_blue_sif_altar,
          mainiacjoe_overflow_cross_hatched,
          mainiacjoe_overflow_concentric_impassable, minmay_temple_entry_mist
D:7:      lemuel_ice_spiral_2, layout_rooms, serial_shops,
          nicolae_shop_hallway_stairs, nicolae_good_shop
D:8:      minmay_inner_zag, layout_loops_ring, mainiacjoe_overflow_24_doors,
          nicolae_gozag_cash_rules_everything_around_me,
          nicolae_tso_swordbearing_angel, lightli_bailey_entry_fortress,
          serial_bayou, serial_bayou_ford_a, serial_bayou_pond_a,
          serial_bayou_pond_c, serial_bayou_crossing
Temple:   eino_wide_crystal_templ

Skill      XL: |  1  2  3  4  5  6  7  8 |
---------------+-------------------------+-----
Maces & Flails | 4 5 |  5.0
Ranged Weapons | 2 4 6 7 |  7.0
Fighting       | 4 5 7 |  7.0
Dodging        | |  3.2
Stealth        | |  2.0

Action                     |  1- 3 |  4- 6 |  7- 9 || total
---------------------------+-------+-------+-------++-------
  Melee: Mace              |    12 |       |       ||    12
         Kick              |    10 |    12 |    12 ||    34
         Whip              |    39 |    39 |    56 ||   134
         Peck              |     9 |     6 |    10 ||    25
         Punch             |       |       |     1 ||     1
   Fire: Arbalest          |    18 |    57 |    41 ||   116
    Use: Potion            |       |     4 |     2 ||     6
         Scroll            |       |     6 |     2 ||     8
   Stab: Sleeping          |     5 |       |       ||     5
 Armour: Robe              |     8 |    17 |     6 ||    31
  Dodge: Dodged            |    32 |    42 |    68 ||   142

Table legend: (Time is in decaauts)
 A = Elapsed time spent in this place.
 B = Non-inter-level travel time spent in this place.
 C = Inter-level travel time spent in this place.
 D = Time resting spent in this place.
 E = Time spent auto-exploring this place.
 F = Levels seen in this place.
 G = Mean time per level.
                   A        B        C        D        E       F      G
               +--------+--------+--------+--------+--------+-----+--------+
         Total |   4585 |   4211 |    374 |    879 |   2452 |   8 |  573.1 |
       Dungeon |   4541 |   4167 |    374 |    879 |   2452 |   7 |  648.7 |
        Temple |     44 |     44 |      0 |      0 |      0 |   1 |   44.0 |
               +--------+--------+--------+--------+--------+-----+--------+

Top non-repeatable levels by time:
     D:6: 1704 daAuts
     D:1: 1256 daAuts
     D:3: 661 daAuts
     D:2: 468 daAuts
     D:7: 232 daAuts
     D:8: 132 daAuts
     D:4: 86 daAuts
  Temple: 44 daAuts
